 Dungeon Crawl Stone Soup version 0.19.4-8-ga85b6b9 (webtiles) character file.

410 dngmouse the Covert (level 6, 0/41 HPs)
             Began as a Vampire Enchanter on Feb 12, 2017.
             Slain by an ogre
             ... wielding a +0 giant spiked club
              (16 damage)
             ... on level 3 of the Dungeon.
             The game lasted 00:13:32 (3829 turns).

dngmouse the Covert (Vampire Enchanter)             Turns: 3829, Time: 00:13:32

Health: 0/41       AC:  3    Str:  7    XL:     6   Next: 58%
Magic:  1/9        EV: 14    Int: 18    God:
Gold:   211        SH:  0    Dex: 16    Spells: 4 memorised, 0 levels left

rFire  . . .     SeeInvis +     a - +1 dagger
rCold  + . .     Gourm    .     b - +1 robe
rNeg   + + .     Faith    .     (no shield)
rPois  +         Spirit   .     (no helmet)
rElec  .         Reflect  .     (no cloak)
rCorr  .         Harm     .     (no gloves)
MR     .....                    (no boots)
Stlth  +++++.....               (no amulet)
                                (no ring)
                                (no ring)

@: regenerating slowly
A: fangs 3, see invisible, unbreathing
a: Bat Form


You were on level 3 of the Dungeon.
You were near bloodless.

You visited 1 branch of the dungeon, and saw 4 of its levels.

You collected 211 gold pieces.

Inventory:

Hand Weapons
 a - a +1 dagger (weapon)
 p - a +0 falchion
Armour
 b - a +1 robe (worn)
Jewellery
 s - an uncursed ring of fire
Wands
 q - a wand of flame (33/48)
Scrolls
 e - a scroll of noise
 g - 3 scrolls of remove curse {unknown}
 i - 3 scrolls of identify {unknown}
 n - a scroll of enchant weapon {unknown}
 o - a scroll of magic mapping {unknown}
Potions
 d - 21 potions of blood
 f - 4 potions of haste {unknown}
 h - 2 potions of flight {unknown}
 j - a potion of degeneration {unknown}
 k - a potion of resistance {unknown}
 l - a potion of heal wounds {unknown}
 m - 5 potions of curing {unknown}
 r - a potion of cancellation {unknown}
Books
 c - a book of Maledictions

   Spells                             Type                      Level
   a - Corona                         Hexes                        1
   b - Ensorcelled Hibernation        Hexes/Ice                    2
   c - Confuse                        Hexes                        3
   d - Tukima's Dance                 Hexes                        3
   e - Dazzling Spray                 Conjuration/Hexes            3


   Skills:
 - Level 1.1 Short Blades
 + Level 3.8 Dodging
 * Level 8.7 Stealth
 - Level 2.0 Spellcasting
 + Level 7.1 Hexes


You couldn't memorise any spells.
You knew the following spells:

 Your Spells              Type           Power        Failure   Level  Hunger
a - Corona                Hex            ####...      1%          1    #......
b - Ensorcelled Hibernat  Hex/Ice        ##....       8%          2    ###....
c - Confuse               Hex            ####....     2%          3    ###....
d - Tukima's Dance        Hex            ####....     2%          3    ###....


Dungeon Overview and Level Annotations

Branches:
Dungeon (4/15)
 Temple: D:4-7

Altars:
Vehumet
Zin

Annotations:
D:3 Natasha
D:4 Duvessa


Innate Abilities, Weirdness & Mutations

You heal slowly.
You have razor-sharp teeth.
You have supernaturally acute eyesight. (SInv)
You can survive without breathing.


Message History

Aim: an ogre, wielding a giant spiked club (chance to defeat MR: 45%)
The ogre resists with some effort.
The frilled lizard closely misses you.
The orc wizard casts a spell.
The orc wizard flickers and vanishes for a moment.
Casting: Ensorcelled Hibernation
Confirm with . or Enter, or press ? or * to list all spells.
Aiming: Ensorcelled Hibernation
Press: ? - help, Shift-Dir - straight line, f/p - ogre
Aim: an ogre, wielding a giant spiked club (chance to defeat MR: 45%)
The ogre resists with some effort.
You feel almost devoid of blood!
The shadow imp disappears for a moment.
The ogre barely misses you.
The frilled lizard completely misses you.
The orc wizard hits you with a dagger.
As you read the scroll labeled ELAROE COEJU, it crumbles to dust.
You hear a loud clanging noise!
It was a scroll of noise.
The ogre hits you with a giant spiked club!
You die...

#.. #.. ######.. #...)...
#..###.. #..# #.. #..# #..
####################..###..
#........O@oo..............
##########l#########..#####
#h5...............
#.#########......#
#..########......#
#.....[...........
#..#########.####.
#####..#########.####.
#.....................


You could see an ogre, an orc wizard (invisible), Natasha, a shadow imp, an orc
and a frilled lizard.

Vanquished Creatures
  A crimson imp (D:3)
  3 orc priests (D:3)
  3 hounds (D:3)
  Jessica (D:3)
  Terence (D:2)
  A gnoll (D:3)
  5 adders
  An ooze (D:3)
  3 worms (D:2)
  4 leopard geckos
  3 orcs (D:3)
  5 giant cockroaches
  8 goblins
  A hobgoblin (D:2)
  8 jackals (D:2)
  10 kobolds
  A quokka (D:2)
  A ball python (D:3)
  9 bats
  8 frilled lizards
  10 rats
87 creatures vanquished.

Notes
Turn   | Place    | Note
-------+----------+-------------------------------------------
     0 | D:1      | dngmouse the Vampire Enchanter began the quest for the Orb.
     0 | D:1      | Reached XP level 1. HP: 13/13 MP: 3/3
   172 | D:1      | Reached XP level 2. HP: 17/19 MP: 5/5
   384 | D:1      | Learned a level 2 spell: Ensorcelled Hibernation
   457 | D:1      | Reached skill level 5 in Stealth
   539 | D:1      | Reached skill level 5 in Hexes
   790 | D:2      | Reached XP level 3. HP: 24/24 MP: 6/6
   799 | D:2      | Learned a level 3 spell: Confuse
  1029 | D:2      | Found a radiant altar of Vehumet.
  1258 | D:2      | Reached XP level 4. HP: 24/30 MP: 4/7
  1384 | D:2      | Reached skill level 6 in Stealth
  1452 | D:2      | Found a glowing silver altar of Zin.
  1694 | D:3      | Noticed Terence
  2246 | D:2      | Killed Terence
  2914 | D:3      | Reached XP level 5. HP: 35/35 MP: 5/8
  2971 | D:3      | Reached skill level 7 in Stealth
  3079 | D:3      | Noticed Jessica
  3083 | D:3      | Killed Jessica
  3347 | D:3      | Reached skill level 8 in Stealth
  3347 | D:3      | Reached XP level 6. HP: 38/41 MP: 2/9
  3637 | D:4      | Noticed Natasha
  3644 | D:3      | Learned a level 3 spell: Tukima's Dance
  3645 | D:4      | Noticed Duvessa
  3829 | D:3      | Slain by an ogre

Skill      XL: |  1  2  3  4  5  6 |
---------------+-------------------+-----
Stealth        | 5 6 8 |  8.7
Hexes          | 5 6 7 |  7.1
Dodging        | 3 |  3.8
Short Blades   | |  1.1
Spellcasting   | |  2.0

Action                   |  1- 3 |  4- 6 || total
-------------------------+-------+-------++-------
Melee: Dagger            |   116 |   161 ||   277
       Bite              |     6 |     6 ||    12
 Cast: Ensorcelled Hiber |     6 |    37 ||    43
       Corona            |     4 |     7 ||    11
       Confuse           |       |     5 ||     5
  Use: Potion            |       |     4 ||     4
       Scroll            |       |     1 ||     1
 Stab: Sleeping          |    17 |    32 ||    49
       Confused          |       |     1 ||     1
Armor: Robe              |    37 |    40 ||    77
Dodge: Dodged            |    71 |   150 ||   221
